 Dungeon Crawl Stone Soup version 0.22.1-5-g62c59d9 (webtiles) character file.

58 JustSomeDude the Skirmisher (level 3, -4/29 HPs)
             Began as a Demonspawn Fighter on Jan 12, 2019.
             Was an Initiate of Yredelemnul.
             Slain by a wyvern zombie (7 damage)
             ... on level 2 of the Dungeon.
             The game lasted 00:02:14 (850 turns).

JustSomeDude the Skirmisher (Demonspawn Fighter)     Turns: 850, Time: 00:02:14

Health: -4/29      AC:  6    Str: 17    XL:     3   Next: 76%
Magic:  0/3        EV:  7    Int:  9    God:    Yredelemnul [......]
Gold:   26         SH:  9    Dex: 12    Spells: 2/2 levels left

rFire    . . .     SeeInvis .   a - +0 trident
rCold    . . .     Gourm    .   c - +0 shield
rNeg     . . .     Faith    .   b - +0 scale mail
rPois    .         Spirit   +   (no helmet)
rElec    .         Reflect  .   (no cloak)
rCorr    .         Harm     .   (no gloves)
MR       .....                  (no boots)
Stlth    ..........             (no amulet)
HPRegen  0.09/turn              (no ring)
MPRegen  0.08/turn              (no ring)

@: no status effects
A: hooves 1, magic shield
a: Renounce Religion


You were on level 2 of the Dungeon.
You worshipped Yredelemnul.
Yredelemnul was noncommittal.
You were not hungry.

You visited 1 branch of the dungeon, and saw 2 of its levels.

You collected 26 gold pieces.

Inventory:

Hand Weapons
 a - a +0 trident (weapon)
Armour
 b - a +0 scale mail (worn)
 c - a +0 shield (worn)
Scrolls
 e - a scroll of amnesia {unknown}
 h - 2 scrolls of identify {unknown}
Potions
 d - a potion of might
 i - a potion of haste
Comestibles
 f - 2 rations
 g - 12 chunks of flesh


   Skills:
 + Level 3.3 Fighting
 + Level 2.5 Polearms
 + Level 3.1 Armour
 + Level 0.1 Dodging
 + Level 3.2 Shields


You had 2 spell levels left.
You didn't know any spells.
Your spell library contained the following spells:

 Spells                   Type           Power        Failure   Level  Hunger
 Beastly Appendage        Tmut           #.....       99%         1    ##.....
 Sticks to Snakes         Tmut           #.......     100%        2    ###....
 Spider Form              Tmut/Pois      #.........   100%        3    ####...
 Ice Form                 Ice/Tmut       #.......     100%        4    #####..
 Blade Hands              Tmut           #.........   100%        5    ######.


Dungeon Overview and Level Annotations

Branches:
Dungeon (2/15)

Altars:
Yredelemnul


Innate Abilities, Weirdness & Mutations

You have large cloven feet.
When hurt, damage is shared between your health and your magic reserves.


Message History

You closely miss the goblin. Your kick misses the goblin.
A wyvern zombie comes into view.
You block the goblin's attack.
You barely miss the wyvern zombie. You kick the wyvern zombie.
The wyvern zombie is lightly damaged.
You block the goblin's attack. The wyvern zombie barely misses you.
You puncture the wyvern zombie!
The wyvern zombie is moderately damaged.
The wyvern zombie bites you! You block the goblin's attack.
The wyvern zombie barely misses you.
You puncture the wyvern zombie!
You kick the wyvern zombie, but do no damage.
The wyvern zombie is heavily damaged.
The goblin hits you but does no damage. You block the wyvern zombie's attack.
The wyvern zombie bites you!
* * * LOW HITPOINT WARNING * * *
The goblin hits you but does no damage. The wyvern zombie bites you!
You die...
Your body rises from the dead as a mindless zombie.

##......# ........#
.......[#######
...............
........###### ######
.............##.#..!.
..######.###.##...g.#
.## #.# #.######g# .#
#.# #....@Z..# ...
#.# ########.# ##.#
#.# $.# # .# #.# ###
...


You could see a wyvern zombie and a goblin.

Vanquished Creatures
  5 dart slugs
  A ball python (D:2)
  2 giant cockroaches
  6 goblins
  5 hobgoblins
  9 jackals (D:2)
  5 kobolds
  A quokka (D:2)
  3 bats
  2 frilled lizards
  3 rats
42 creatures vanquished.

Notes
Turn   | Place    | Note
-------+----------+-------------------------------------------
     0 | D:1      | JustSomeDude the Demonspawn Fighter began the quest for the
                  | Orb.
     0 | D:1      | Reached XP level 1. HP: 18/18 MP: 1/1
    94 | D:1      | Gained mutation: You have large cloven feet. [demonic
                  | ancestry]
    94 | D:1      | Reached XP level 2. HP: 18/24 MP: 2/2
   599 | D:2      | Gained mutation: When hurt, damage is shared between your
                  | health and your magic reserves. [demonic ancestry]
   599 | D:2      | Reached XP level 3. HP: 29/29 MP: 3/3
   708 | D:2      | Found a basalt altar of Yredelemnul.
   720 | D:2      | Became a worshipper of Yredelemnul the Dark
   850 | D:2      | Slain by a wyvern zombie

Skill      XL: |  1  2 |
---------------+-------+-----
Armour         | 3 |  3.1
Shields        | 3 |  3.2
Polearms       | 2 |  2.5
Fighting       | |  3.3
Dodging        | |  0.1

Action                   || total
-------------------------++-------
Melee: Trident           ||   128
       Kick              ||    22
Armor: Scale mail        ||    59
Dodge: Dodged            ||    40
Block: Shield            ||    52
